[ AOE2 MATCH · #495836360 ]
UnrankedKhmer vs Hindustanis
Player's team · LOSS
[ REPLAY ANALYSIS · EXTRACTED FROM THE RECORDED GAME ]
Feudal
9:31
Castle
21:32
Imperial
34:48
| APM avg | 59.4 |
| APM peak | 102 |
| eAPM avg | 23.9 |
| Villagers / military | 114 / 169 |
Focus
⚔️ 38.9% · 🌾 61.1%
Archer ×147 · Spearman ×7 · Knight ×5 · Scout Cavalry ×4 · Trebuchet (Packed) ×4 · Mangonel ×2
Feudal
9:15
Castle
20:40
Imperial
33:37
| APM avg | 69.8 |
| APM peak | 138 |
| eAPM avg | 29.7 |
| Villagers / military | 141 / 138 |
Focus
⚔️ 35.7% · 🌾 64.3%
Ghulam ×76 · Scout Cavalry ×37 · Trebuchet (Packed) ×7 · Scorpion ×6 · Camel Scout ×5 · Spearman ×3
Match map
Initial resources + every placement click. Lines = walls · curves = elevation contours. ◆ gold · ⬟ stone · ● berries · ✦ relic · ◌ wall gap
Your base· ✓ Closed at 21:32 · 52t walls · no gate
juligrancella's base· ✓ Closed at 20:40 · 35t walls · 1 gate(s)
Smoothed initial terrain · ◌ = detected wall gap · hover for details
Inputs per minute
— Panelo - - juligrancella
Build order — Panelo
First 150 of 388 actions detected
| 0:01 | Create | Villager (Male) |
| 0:01 | Create | Villager (Male) |
| 0:01 | Create | Villager (Male) |
| 0:02 | Create | Villager (Male) |
| 0:02 | Create | Villager (Male) |
| 0:03 | Build | House |
| 0:04 | Build | House |
| 1:27 | Create | Villager (Male) |
| 1:54 | Build | Lumber Camp |
| 1:57 | Create | Villager (Male) |
| 2:26 | Create | Villager (Male) |
| 2:26 | Create | Villager (Male) |
| 2:51 | Create | Villager (Male) |
| 2:51 | Create | Villager (Male) |
| 3:13 | Create | Villager (Male) |
| 3:27 | Create | Villager (Male) |
| 3:41 | Create | Villager (Male) |
| 3:49 | Build | House |
| 4:02 | Create | Villager (Male) |
| 4:13 | Research | Loom |
| 4:20 | Build | Mill |
| 4:32 | Create | Villager (Male) |
| 4:33 | Create | Villager (Male) |
| 4:54 | Create | Villager (Male) |
| 5:09 | Create | Villager (Male) |
| 5:36 | Create | Villager (Male) |
| 6:16 | Build | House |
| 6:45 | Create | Villager (Male) |
| 7:21 | Research | Feudal Age |
| 7:33 | Build | Barracks |
| 8:40 | Create | Villager (Male) |
| 9:14 | Create | Villager (Male) |
| 9:31 | Age | Feudal Age |
| 9:32 | Build | Stable |
| 9:33 | Create | Spearman |
| 9:37 | Research | Double-Bit Axe |
| 9:40 | Create | Villager (Male) |
| 9:51 | Create | Villager (Male) |
| 9:56 | Create | Spearman |
| 10:01 | Build | House |
| 10:10 | Research | Horse Collar |
| 10:14 | Create | Scout Cavalry |
| 10:39 | Create | Villager (Male) |
| 10:41 | Build | Farm |
| 10:46 | Create | Scout Cavalry |
| 10:54 | Build | Palisade Wall |
| 11:01 | Create | Villager (Male) |
| 11:03 | Build | Farm |
| 11:10 | Build | Palisade Wall |
| 11:12 | Build | Palisade Wall |
| 11:20 | Create | Spearman |
| 11:34 | Create | Villager (Male) |
| 11:37 | Build | House |
| 11:44 | Create | Villager (Male) |
| 11:49 | Build | Palisade Wall |
| 11:58 | Create | Scout Cavalry |
| 11:59 | Build | Farm |
| 12:02 | Build | House |
| 12:11 | Create | Villager (Male) |
| 12:14 | Build | Palisade Wall |
| 12:16 | Build | Palisade Wall |
| 12:28 | Create | Villager (Male) |
| 12:33 | Build | Palisade Wall |
| 12:36 | Build | Palisade Wall |
| 12:40 | Create | Villager (Male) |
| 12:54 | Create | Villager (Male) |
| 13:05 | Build | Palisade Wall |
| 13:12 | Create | Scout Cavalry |
| 13:26 | Create | Spearman |
| 13:34 | Create | Villager (Male) |
| 13:36 | Build | Mining Camp |
| 13:52 | Create | Villager (Male) |
| 13:53 | Build | Farm |
| 13:54 | Build | Farm |
| 14:01 | Build | House |
| 14:08 | Create | Villager (Male) |
| 14:35 | Create | Villager (Male) |
| 14:57 | Create | Villager (Male) |
| 15:02 | Build | Archery Range |
| 15:08 | Create | Villager (Male) |
| 15:09 | Build | Farm |
| 15:20 | Create | Villager (Male) |
| 15:33 | Create | Villager (Male) |
| 15:35 | Build | Farm |
| 15:37 | Build | House |
| 15:59 | Create | Villager (Male) |
| 16:02 | Create | Archer |
| 16:02 | Create | Archer |
| 16:06 | Build | House |
| 16:25 | Create | Villager (Male) |
| 16:27 | Build | Farm |
| 16:28 | Build | Farm |
| 16:29 | Build | Farm |
| 16:29 | Build | Farm |
| 16:38 | Build | House |
| 16:43 | Create | Spearman |
| 17:04 | Create | Archer |
| 17:23 | Create | Villager (Male) |
| 17:27 | Build | Farm |
| 17:37 | Create | Villager (Male) |
| 17:40 | Build | Farm |
| 17:42 | Build | Farm |
| 17:53 | Create | Villager (Male) |
| 17:54 | Create | Archer |
| 17:55 | Create | Archer |
| 18:08 | Create | Archer |
| 18:18 | Build | Farm |
| 18:52 | Research | Castle Age |
| 18:59 | Build | Lumber Camp |
| 19:04 | Create | Archer |
| 19:06 | Create | Villager (Male) |
| 19:27 | Build | Archery Range |
| 19:43 | Create | Archer |
| 19:43 | Create | Archer |
| 20:10 | Create | Archer |
| 20:15 | Build | Blacksmith |
| 20:25 | Create | Archer |
| 20:31 | Build | House |
| 20:31 | Build | House |
| 20:41 | Research | Fletching |
| 20:41 | Research | Padded Archer Armor |
| 20:43 | Research | Gold Mining |
| 21:11 | Create | Archer |
| 21:12 | Create | Archer |
| 21:23 | Create | Villager (Male) |
| 21:32 | Age | Castle Age |
| 21:38 | Research | Crossbowman (upgrade) |
| 21:42 | Build | Town Center |
| 21:46 | Create | Archer |
| 21:47 | Create | Archer |
| 21:52 | Research | Bodkin Arrow |
| 21:54 | Create | Villager (Male) |
| 21:58 | Build | House |
| 21:59 | Build | House |
| 22:09 | Create | Villager (Male) |
| 22:13 | Build | House |
| 22:15 | Build | House |
| 22:19 | Build | House |
| 22:21 | Build | House |
| 22:23 | Create | Villager (Male) |
| 22:24 | Create | Archer |
| 22:24 | Create | Archer |
| 22:31 | Create | Villager (Male) |
| 22:34 | Build | Farm |
| 22:36 | Create | Archer |
| 22:36 | Create | Archer |
| 22:42 | Create | Archer |
| 22:42 | Create | Archer |
| 22:45 | Create | Villager (Male) |
| 22:52 | Create | Villager (Male) |
Build order — juligrancella
First 150 of 453 actions detected
| 0:00 | Create | Villager (Male) |
| 0:01 | Create | Villager (Male) |
| 0:01 | Create | Villager (Male) |
| 0:02 | Build | House |
| 0:03 | Build | House |
| 0:20 | Create | Villager (Male) |
| 1:02 | Create | Villager (Male) |
| 1:36 | Create | Villager (Male) |
| 1:36 | Create | Villager (Male) |
| 1:51 | Build | Lumber Camp |
| 1:55 | Create | Villager (Male) |
| 1:55 | Create | Villager (Male) |
| 2:17 | Create | Villager (Male) |
| 2:17 | Create | Villager (Male) |
| 2:33 | Build | House |
| 2:36 | Build | House |
| 2:40 | Create | Villager (Male) |
| 3:10 | Create | Villager (Male) |
| 3:47 | Create | Villager (Male) |
| 3:48 | Create | Villager (Male) |
| 4:05 | Create | Villager (Male) |
| 4:05 | Create | Villager (Male) |
| 4:17 | Create | Villager (Male) |
| 4:58 | Create | Villager (Male) |
| 4:58 | Create | Villager (Male) |
| 5:02 | Build | Mill |
| 5:38 | Research | Loom |
| 7:03 | Research | Feudal Age |
| 7:03 | Research | Feudal Age |
| 7:20 | Build | Barracks |
| 8:03 | Create | Villager (Male) |
| 8:26 | Build | House |
| 9:00 | Build | House |
| 9:15 | Age | Feudal Age |
| 9:16 | Build | Mill |
| 9:19 | Build | Stable |
| 9:24 | Build | Palisade Wall |
| 9:26 | Build | Palisade Wall |
| 9:42 | Create | Villager (Male) |
| 9:42 | Create | Villager (Male) |
| 9:43 | Research | Double-Bit Axe |
| 10:10 | Research | Horse Collar |
| 10:12 | Build | House |
| 10:16 | Build | Palisade Wall |
| 10:17 | Build | Palisade Wall |
| 10:23 | Create | Villager (Male) |
| 10:27 | Create | Scout Cavalry |
| 10:30 | Build | House |
| 10:32 | Build | Palisade Wall |
| 10:45 | Create | Scout Cavalry |
| 10:48 | Create | Spearman |
| 11:07 | Create | Villager (Male) |
| 11:13 | Build | Farm |
| 11:13 | Build | Farm |
| 11:31 | Create | Villager (Male) |
| 11:53 | Build | Farm |
| 11:54 | Create | Villager (Male) |
| 11:59 | Build | Farm |
| 12:12 | Create | Scout Cavalry |
| 12:16 | Build | Farm |
| 12:17 | Build | Farm |
| 12:30 | Create | Villager (Male) |
| 12:30 | Create | Villager (Male) |
| 12:35 | Create | Villager (Male) |
| 12:40 | Build | House |
| 12:41 | Build | House |
| 12:56 | Create | Villager (Male) |
| 13:11 | Create | Scout Cavalry |
| 13:12 | Create | Villager (Male) |
| 13:15 | Build | Farm |
| 13:18 | Build | Farm |
| 13:29 | Create | Villager (Male) |
| 13:37 | Create | Scout Cavalry |
| 13:50 | Build | House |
| 13:52 | Build | Palisade Wall |
| 14:00 | Create | Scout Cavalry |
| 14:06 | Build | Farm |
| 14:08 | Build | Farm |
| 14:15 | Build | Farm |
| 14:18 | Build | Farm |
| 14:20 | Create | Scout Cavalry |
| 14:25 | Create | Spearman |
| 14:29 | Create | Villager (Male) |
| 14:41 | Build | Palisade Gate |
| 14:56 | Create | Spearman |
| 14:59 | Create | Villager (Male) |
| 14:59 | Create | Villager (Male) |
| 15:04 | Build | House |
| 15:05 | Build | House |
| 15:08 | Build | House |
| 15:19 | Create | Villager (Male) |
| 15:28 | Build | Mining Camp |
| 15:45 | Build | Farm |
| 15:45 | Build | Farm |
| 15:46 | Build | Farm |
| 15:50 | Build | Farm |
| 16:11 | Create | Villager (Male) |
| 16:16 | Build | House |
| 16:17 | Build | House |
| 16:33 | Build | Blacksmith |
| 16:41 | Create | Villager (Male) |
| 16:54 | Create | Villager (Male) |
| 17:23 | Create | Villager (Male) |
| 17:33 | Build | Farm |
| 17:37 | Build | Farm |
| 17:42 | Build | Farm |
| 18:00 | Research | Castle Age |
| 18:07 | Create | Scout Cavalry |
| 18:13 | Build | Stable |
| 18:18 | Create | Scout Cavalry |
| 18:24 | Research | Scale Barding Armor |
| 18:31 | Build | House |
| 18:32 | Build | House |
| 18:37 | Build | Farm |
| 18:44 | Create | Scout Cavalry |
| 18:51 | Build | Farm |
| 18:53 | Build | Farm |
| 19:12 | Build | House |
| 19:14 | Research | Bloodlines |
| 19:14 | Research | Bloodlines |
| 19:27 | Build | House |
| 19:28 | Build | House |
| 19:37 | Research | Forging |
| 19:51 | Create | Villager (Male) |
| 20:17 | Create | Villager (Male) |
| 20:20 | Research | Gold Mining |
| 20:39 | Create | Villager (Male) |
| 20:40 | Age | Castle Age |
| 21:02 | Build | Town Center |
| 21:04 | Create | Villager (Male) |
| 21:19 | Create | Villager (Male) |
| 21:23 | Research | Light Cavalry (upgrade) |
| 21:29 | Create | Villager (Male) |
| 21:42 | Create | Villager (Male) |
| 21:44 | Create | Scout Cavalry |
| 21:53 | Build | Siege Workshop |
| 22:17 | Create | Scout Cavalry |
| 22:17 | Create | Scout Cavalry |
| 22:20 | Create | Villager (Male) |
| 22:22 | Build | Farm |
| 22:36 | Create | Scout Cavalry |
| 22:47 | Build | Farm |
| 22:49 | Create | Villager (Male) |
| 22:50 | Create | Scorpion |
| 23:14 | Create | Scorpion |
| 23:16 | Create | Villager (Male) |
| 23:18 | Create | Villager (Male) |
| 23:18 | Create | Villager (Male) |
| 23:25 | Create | Villager (Male) |
| 23:39 | Create | Scorpion |
Match timeline
| 7:20 | juligrancella · first_building Barracks |
| 7:33 | Panelo · first_building Barracks |
| 9:15 | juligrancella · age_up feudal |
| 9:19 | juligrancella · first_building Stable |
| 9:24 | juligrancella · wall_segment Palisade Wall x1 |
| 9:26 | juligrancella · wall_segment Palisade Wall x1 |
| 9:31 | Panelo · age_up feudal |
| 9:32 | Panelo · first_building Stable |
| 10:16 | juligrancella · wall_segment Palisade Wall x6 |
| 10:17 | juligrancella · wall_segment Palisade Wall x7 |
| 10:32 | juligrancella · wall_segment Palisade Wall x5 |
| 10:54 | Panelo · wall_segment Palisade Wall x6 |
| 11:10 | Panelo · wall_segment Palisade Wall x6 |
| 11:12 | Panelo · wall_segment Palisade Wall x1 |
| 11:49 | Panelo · wall_segment Palisade Wall x5 |
| 12:14 | Panelo · wall_segment Palisade Wall x7 |
| 12:16 | Panelo · wall_segment Palisade Wall x1 |
| 12:33 | Panelo · wall_segment Palisade Wall x5 |
| 12:36 | Panelo · wall_segment Palisade Wall x12 |
| 13:05 | Panelo · wall_segment Palisade Wall x9 |
| 13:52 | juligrancella · wall_segment Palisade Wall x15 |
| 15:02 | Panelo · first_building Archery Range |
| 20:40 | juligrancella · age_up castle |
| 21:32 | Panelo · age_up castle |
| 21:53 | juligrancella · first_building Siege Workshop |
| 26:51 | juligrancella · first_market_buy 100 wood |
| 29:29 | Panelo · first_building Siege Workshop |
| 29:47 | juligrancella · first_building Monastery |
| 30:57 | juligrancella · first_building Castle |
| 31:58 | Panelo · first_market_sell 100 food |
| 33:37 | juligrancella · age_up imperial |
| 34:13 | juligrancella · first_market_sell 100 food |
| 34:48 | Panelo · age_up imperial |
| 36:11 | Panelo · first_market_buy 100 stone |
| 36:22 | Panelo · first_building Castle |
| 39:23 | Panelo · wall_segment Palisade Wall x1 |
| 41:28 | Panelo · resign |
[ AI ANALYSIS · 1 CREDIT ]
What really happened in this match?
Wolo.gg analyzes every decision: build order, eco, micro, common mistakes by bracket. Personalized analysis on WhatsApp or Discord in 30 seconds.
Civ guide
Khmer
Perfil
Panelo